AoeStats
← Spider2YBanana

Nomad

508146719Analyzed
3v3 RM · 12d ago on Sep 21, 2026· 46m 25s· 6 players
Game mode
Random Map
Map size
210×210
Population
200
Speed
Normal
Resources
Standard
Victory
Conquest
Starting age
Dark Age
Ending age
Imperial Age
RankedLock teamsTeams togetherTeam positionsShared explorationLock speedFull tech treeHidden civsTurbo modeCheats
Victory
Defeat
🇺🇸 Britons · United States
1341
+13
🇨🇦 Chinese · Canada
1271
+16
🇨🇦 Sicilians · Canada
1228
+17
🇵🇪 Lithuanians · Peru
1276
-16
🇦🇷 Vikings · Argentina
1260
-15
🇵🇪 Persians · Peru
1250
-15
Sir Well-Endowed
4:13 Loom
13:44 Feudal Age
15:13 Double-Bit Axe
15:56 Fishing Lines
20:55 Castle Age
18:40 Horse Collar
19:30 Fletching
20:05 Stone Mining
21:24 Town Watch
22:14 Bow Saw
23:01 Wheelbarrow
22:57 Medium Warships
22:38 Gillnets
25:11 Hand Cart
27:57 Heavy Plow
28:40 Gold Mining
29:40 Hand Cart
30:53 Bloodlines
30:44 Husbandry
32:41 Town Patrol
32:03 Light Cavalry
35:38 Imperial Age
34:04 Scale Barding Armor
35:42 Cavalier
36:22 Husbandry
37:39 Chain Barding Armor
37:31 Forging
37:56 Conscription
39:05 Plate Barding Armor
39:46 Iron Casting
40:17 Ballistics
41:40 Hauberk
43:18 Blast Furnace
43:59 Siege Engineers
45:21 First Crusade
44:32 Elite Serjeant
45:47 Scale Mail Armor
45:45 Bodkin Arrow
46:37 Masonry
Spider2YBanana
10:51 Loom
13:04 Feudal Age
17:23 Castle Age
16:16 Fletching
16:21 Double-Bit Axe
18:09 Bodkin Arrow
23:14 Ballistics
24:00 Bow Saw
24:57 Padded Archer Armor
25:26 Horse Collar
31:36 Gold Mining
35:54 Imperial Age
35:10 Stone Mining
36:22 Leather Archer Armor
37:32 Bracer
40:36 Chemistry
41:28 Ring Archer Armor
42:04 Yeomen
42:54 Wheelbarrow
43:39 Conscription
44:09 Pikeman
44:56 Heavy Plow
Emperor Lung Wang
3:06 Loom
13:10 Feudal Age
17:45 Castle Age
17:03 Padded Archer Armor
23:06 Medium Warships
25:25 Double-Bit Axe
25:22 Horse Collar
25:34 Gold Mining
25:38 Fletching
26:04 Leather Archer Armor
29:24 Bow Saw
30:09 Fletching
31:53 Bodkin Arrow
36:54 Leather Archer Armor
43:29 Imperial Age
42:36 Wheelbarrow
42:52 Masonry
43:09 Ballistics
45:11 Chemistry
45:34 Masonry
46:44 Bracer
Peru_Rush
10:50 Loom
14:17 Feudal Age
14:52 Double-Bit Axe
14:49 Horse Collar
19:21 Stone Mining
19:23 Gold Mining
22:15 Wheelbarrow
26:41 Castle Age
26:00 Scale Barding Armor
26:07 Forging
27:45 Bow Saw
27:38 Heavy Plow
28:16 Stone Shaft Mining
39:03 Imperial Age
37:44 Chain Barding Armor
39:08 Iron Casting
40:12 Conscription
40:14 Fletching
40:25 Padded Archer Armor
40:32 Elite Skirmisher
42:18 Bloodlines
42:09 Husbandry
43:02 Bodkin Arrow
43:23 Leather Archer Armor
45:54 Bracer
47:05 Ring Archer Armor
niquito0912
3:35 Loom
14:29 Feudal Age
19:19 Castle Age
17:31 Gold Mining
17:43 Double-Bit Axe
18:10 Fletching
23:00 Fishing Lines
24:01 Bow Saw
28:09 Horse Collar
29:32 Gillnets
31:25 Ballistics
34:08 Imperial Age
31:41 Town Watch
32:05 Scale Mail Armor
33:00 Bodkin Arrow
33:05 Padded Archer Armor
33:15 Forging
33:21 Chain Mail Armor
36:23 Chemistry
35:29 Siege Engineers
34:55 Capped Ram
36:07 Heavy Plow
37:09 Two-Man Saw
36:31 Siege Ram
38:31 Crop Rotation
41:34 Chieftains
42:12 Iron Casting
42:07 Plate Mail Armor
42:27 Pikeman
42:53 Gambesons
43:45 Town Patrol
43:35 Elite Berserk
47:10 Blast Furnace
Peru_o_O
3:22 Loom
14:06 Feudal Age
18:29 Castle Age
17:13 Double-Bit Axe
25:37 Fletching
28:51 Scale Barding Armor
31:50 Wheelbarrow
31:48 Bloodlines
34:58 Chain Barding Armor
39:11 Hand Cart
42:11 Imperial Age
42:23 Gold Mining
42:46 Bow Saw
42:03 Cavalier
44:21 Plate Barding Armor
Connection lost

Rejoining the realm…

Still unreachable

The connection could not be restored.

Session expired

The server has moved on; the page needs a fresh start.